 Dungeon Crawl Stone Soup version 0.27.1-3-gb3d3a73c9e (webtiles) character file.

Game seed: 4441629301213142986

122 Descartes the Shield-Bearer (level 5, -4/41 HPs)
             Began as a Formicid Fighter on Oct 24, 2021.
             Slain by Sopaderocas's ghost (6 damage)
             ... on level 2 of the Dungeon.
             The game lasted 00:04:27 (2769 turns).

Descartes the Shield-Bearer (Formicid Fighter)      Turns: 2769, Time: 00:04:28

Health: -4/41      AC:  6    Str: 20    XL:     5   Next: 27%
Magic:  5/5        EV:  8    Int:  9    God:
Gold:   130        SH: 10    Dex: 10    Spells: 4/4 levels left

rFire    . . .     SeeInvis +   a - +0 war axe
rCold    . . .     Faith    .   c - +0 kite shield
rNeg     . . .     Spirit   .   b - +0 scale mail
rPois    .         Reflect  .   (helmet unavailable)
rElec    .         Harm     .   (no cloak)
rCorr    .         Rampage  .   (no gloves)
Will     .....                  (no boots)
Stlth    ..........             (no amulet)
HPRegen  0.13/turn              (no ring)
MPRegen  0.09/turn              (no ring)

@: mighty
A: permanent stasis, dig shafts and tunnels, antennae 3, four strong arms
a: Dig, Shaft Self


You were on level 2 of the Dungeon.
You visited 1 branch of the dungeon, and saw 3 of its levels.

You collected 130 gold pieces.

Inventory:

Hand Weapons
 a - a +0 war axe (weapon)
 l - a +0 flail
Missiles
 f - 66 stones
Armour
 b - a +0 scale mail (worn)
 c - a +0 kite shield (worn)
Wands
 k - a wand of flame (11)
Scrolls
 e - a scroll of vulnerability {unknown}
 h - 4 scrolls of fog {unknown}
 i - 2 scrolls of identify {unknown}
 j - 2 scrolls of holy word {unknown}


   Skills:
 - Level 3.2 Fighting
 + Level 2.1 Axes
 + Level 3.4 Armour
 + Level 6.5 Shields
 + Level 0.3 Evocations


You had 4 spell levels left.
You didn't know any spells.
Your spell library contained the following spells:

 Spells                   Type           Power      Damage    Failure   Level
 Slow                     Hex            0%         N/A       96%         2
 Confusing Touch          Hex            0%         N/A       99%         3
 Stone Arrow              Conj/Erth      0%         3d7       99%         3
 Vampiric Draining        Necr           0%         2d6       99%         3
 Fireball                 Conj/Fire      0%         3d3       100%        5
 Iron Shot                Conj/Erth      0%         9d1       100%        6


Dungeon Overview and Level Annotations

Branches:
Dungeon (3/15)

Altars:
Dithmenos
Vehumet

Annotations:
D:2 Sopaderocas's ghost, amateur HOMo


Innate Abilities, Weirdness & Mutations

You cannot be hasted, slowed, berserked, paralysed or teleported.
You can dig through walls and to a lower floor.
You have a pair of large antennae on your head. (SInv)
Your four strong arms can wield two-handed weapons with a shield.


Message History

You barely miss Sopaderocas's ghost.
Sopaderocas's ghost is moderately damaged.
You block Sopaderocas's ghost's attack.
You barely miss Sopaderocas's ghost.
Sopaderocas's ghost is moderately damaged.
Sopaderocas's ghost closely misses you.
Sopaderocas's ghost says, "I'll split you in two!"
Sopaderocas's ghost hits you but does no damage.
You hit Sopaderocas's ghost.
Sopaderocas's ghost is moderately damaged.
You block Sopaderocas's ghost's attack.
You hit Sopaderocas's ghost.
Sopaderocas's ghost is heavily damaged.
Sopaderocas's ghost hits you!
Your shield prevents you from hitting Sopaderocas's ghost.
Sopaderocas's ghost is heavily damaged.
You block Sopaderocas's ghost's attack. Sopaderocas's ghost hits you.
* * * LOW HITPOINT WARNING * * *
You feel very mighty all of a sudden.
Sopaderocas's ghost completely misses you.
You closely miss Sopaderocas's ghost.
Sopaderocas's ghost is heavily damaged.
Sopaderocas's ghost barely misses you.
You barely miss Sopaderocas's ghost.
Sopaderocas's ghost is heavily damaged.
Sopaderocas's ghost closely misses you. Sopaderocas's ghost hits you!
* * * LOW HITPOINT WARNING * * *
You hit Sopaderocas's ghost.
Sopaderocas's ghost is heavily damaged.
Sopaderocas's ghost barely misses you.
You closely miss Sopaderocas's ghost.
Sopaderocas's ghost is heavily damaged.
Sopaderocas's ghost barely misses you. x2
It was a potion of mutation.
You feel extremely strange.
You feel resistant to heat.
You no longer feel heat resistant.
You block Sopaderocas's ghost's attack.
You closely miss Sopaderocas's ghost.
Sopaderocas's ghost is heavily damaged.
Sopaderocas's ghost hits you.
You die...

##......#...###......#..#.......
#......#...#........#..#.......
#......#...#<########..########
#......#............#..##....##
#...........#########÷.##....#.
#......#.......#..##8..8##..###
#.....))###.#..#..'......'..#..
#.......# #.#..#..#..##..#†.#..
#.......# #.#W@#..########..##.
#######.# #.#..#...#....#....##
#.# #.#..#...#.(..#....##
##.###....#..#####'####'##
#.........#..##......)...#
#.........#...#..........#
#.........#...'..##..#####
#.........############....
#.........# ##.....#.....#


You could see Sopaderocas's ghost.

Vanquished Creatures
  3 adders
  2 gnolls
  4 worms (D:2)
  A dart slug (D:1)
  6 orcs
  4 ball pythons
  6 endoplasms
  A giant cockroach (D:2)
  5 goblins
  3 hobgoblins (D:1)
  2 quokkas
  3 bats
  2 frilled lizards (D:1)
  11 kobolds
  4 rats (D:2)
57 creatures vanquished.

Notes
Turn   | Place    | Note
-------+----------+-------------------------------------------
     0 | D:1      | Descartes the Formicid Fighter began the quest for the Orb.
     0 | D:1      | Reached XP level 1. HP: 18/18 MP: 1/1
    14 | D:1      | Reached skill level 4 in Shields
    63 | D:1      | Reached XP level 2. HP: 24/24 MP: 2/2
   264 | D:1      | Reached XP level 3. HP: 25/29 MP: 3/3
   369 | D:1      | Reached skill level 5 in Shields
   673 | D:1      | Found a faded altar of an unknown god.
  1198 | D:2      | Reached XP level 4. HP: 28/35 MP: 4/4
  1581 | D:2      | Reached skill level 6 in Shields
  1931 | D:2      | Reached XP level 5. HP: 41/41 MP: 5/5
  2159 | D:3      | Found a shadowy altar of Dithmenos.
  2189 | D:3      | Found a radiant altar of Vehumet.
  2722 | D:3      | Found a runed translucent gate.
  2723 | D:3      | Found a runed translucent gate.
  2724 | D:3      | Found a runed translucent gate.
  2725 | D:3      | Noticed Sopaderocas's ghost (amateur HOMo)
  2731 | D:3      | Got the Grimoire of Arcane Weapons
  2765 | D:2      | HP: 2/41 [Sopaderocas's ghost (7)]
  2768 | D:2      | Gained mutation: Your flesh is heat resistant. (rF+)
                  | [potion of mutation]
  2768 | D:2      | Lost mutation: Your flesh is heat resistant. (rF+) [potion
                  | of mutation]
  2769 | D:2      | Slain by Sopaderocas's ghost

Illustrated notes

Levels and vault maps discovered:
D:1:      minmay_arrival_four_circles, layout_basic,
          hellmonk_ecumenical_altar_zigzags
D:2:      minmay_chambers_of_twos, layout_rooms
D:3:      minmay_recursive_quarters, layout_basic, vehumet_altar_wand_db,
          grunt_dithmenos_smoke_and_mirrors, okawaru_metal_pillars_1_2,
          gammafunk_temple_overflow_statue, gammafunk_ghost_necromancy

Skill      XL: |  1  2  3  4 |
---------------+-------------+-----
Shields        | 4 5 6 |  6.5
Fighting       | |  3.2
Axes           | |  2.1
Armour         | |  3.4
Evocations     | |  0.3

Action                   |  1- 3 |  4- 6 || total
-------------------------+-------+-------++-------
Melee: War axe           |    72 |   120 ||   192
  Use: Potion            |       |     2 ||     2
Armor: Scale mail        |    34 |    45 ||    79
Dodge: Dodged            |    22 |    48 ||    70
Block: Kite shield       |    40 |    60 ||   100
